 Dungeon Crawl Stone Soup version 0.31.0-9-g3a7656b989 (webtiles) character file.

Game seed: 3747234483981141796

0 qw the Shooter (level 1, -4/10 HPs)
             Began as a Spriggan Hunter on Feb 2, 2024.
             Slain by a gnoll
             ... wielding a +0 flail
              (6 damage)
             ... on level 1 of the Dungeon.
             The game lasted 00:00:00 (107 turns).

qw the Shooter (Spriggan Hunter)                     Turns: 107, Time: 00:00:00

Health: -4/10      AC:  2    Str:  7    XL:     1   Next: 8%
Magic:  2/2        EV: 18    Int: 10    God:
Gold:   4          SH:  0    Dex: 18    Spells: 0/0 levels left

rFire   . . .        a - +0 shortbow
rCold   . . .        (shield currently unavailable)
rNeg    . . .        c - +0 robe
rPois   .            (helmet restricted)
rElec   .            (no cloak)
rCorr   .            (gloves unavailable)
SInv    +            (boots unavailable)
Will    .....        (no amulet)
Stlth   ++           (no ring)
HPRegen 0.21/turn    (no ring)
MPRegen 0.08/turn

%: no passive effects
@: very quick
A: very small, no large weapons, unfitting armour, see invisible, speed 3
a: no special abilities


You were on level 1 of the Dungeon.
You visited 1 branch of the dungeon, and saw 1 of its levels.

You collected 4 gold pieces.


Innate Abilities, Weirdness & Mutations

You are very small and have problems with some larger weapons.
You are too small for most types of armour.
You have supernaturally acute eyesight. (SInv)
You cover ground extremely quickly. (Speed+++)


   Skills:
 - Level 1.5 Fighting
 - Level 4.0 Ranged Weapons
 + Level 2.8 Dodging
 - Level 1.5 Stealth


You couldn't memorise any spells.
You didn't know any spells.
Your spell library was empty.

Inventory:

Hand Weapons
 a - a +0 shortbow (weapon)
Armour
 c - a +0 robe (worn)
Scrolls
 b - a scroll of butterflies
 d - a scroll of identify {unknown}

Dungeon Overview and Level Annotations

Branches:
Dungeon (1/15)

Altars:


Message History

Press ? for a list of commands and other information.
Found a staircase leading out of the dungeon.
Waypoint 0 assigned to D:1.
0 ||| PLANNING D:1-11 You open the gate.
There is an open gate here.
A bat comes into view.
Found a scroll labelled DECATR IDUURGHA and 4 gold pieces.
Enter note:
Enter note: You shoot an arrow.
The arrow hits the bat!
You kill the bat!
d - a scroll labelled DECATR IDUURGHA You now have 4 gold pieces.
You see here a bat corpse.
Found a stone staircase leading down.
There is a stone staircase leading down here.
Found a leather armour.
Found 5 stones.
A gnoll comes into view. It is wielding a +0 flail.
Enter note: You shoot an arrow.
The arrow hits the gnoll.
The gnoll is heavily wounded.
You shoot an arrow. The arrow hits the gnoll.
The gnoll is almost dead.
You shoot an arrow. The arrow barely misses the gnoll.
You shoot an arrow. The arrow closely misses the gnoll.
A gnoll is nearby!
You shoot an arrow.
The arrow hits the gnoll but does no damage.
The gnoll is almost dead.
You shoot an arrow. The arrow barely misses the gnoll.
The gnoll misses you.
You shoot an arrow. The arrow completely misses the gnoll.
The gnoll hits you with a +0 flail!
Ouch! That really hurt!
You shoot an arrow. The arrow closely misses the gnoll.
The gnoll hits you with a +0 flail.
Ouch! That really hurt!
You die...

#..[.....#.# #.8....
###+#.##.#.# .#......
#..(.....#..###....
#.####....... #...<
#............ #....
#######........ #....
#.............. #....
#....#......... #....
#...@g......... ###..
##..##...##.......#''
#.. .....#..........
#.# ............7...
#. .##...##.........
#. . ..## ....7... #
#. ..# ....... ..#
...7... .......


You could see a gnoll.

Vanquished Creatures
  A bat (D:1)
1 creature vanquished.

Notes
Turn   | Place    | Note
-------+----------+-------------------------------------------
     0 | D:1      | qw the Spriggan Hunter began the quest for the Orb.
     0 | D:1      | Reached XP level 1. HP: 10/10 MP: 2/2
     0 | D:1      | 0 ||| qw: Version: 0.3-a-155-g5e7d8dd
     0 | D:1      | 0 ||| qw: Game counter: 1364
     0 | D:1      | 0 ||| qw: Melee chars always use a shield: true
     0 | D:1      | 0 ||| qw: God list: Okawaru
     0 | D:1      | 0 ||| qw: Allow faded altars: false
     0 | D:1      | 0 ||| qw: Do Orc after clearing Dungeon:15 true
     0 | D:1      | 0 ||| qw: Do second Lair branch before Depths: true
     0 | D:1      | 0 ||| qw: Lair rune preference: random
     0 | D:1      | 0 ||| qw: Goals: Normal
     0 | D:1      | 0 ||| PLANNING D:1-11
   106 | D:1      | HP: 1/10 [gnoll/+0 flail (9)]
   107 | D:1      | Slain by a gnoll

Levels and vault maps discovered:
D:1:      wander_arrival_estate, layout_basic, serial_curves, eino_curves_01,
          eino_curves_03, shapermc_ecumenical_altar_totnotflames, minivault_5

Action                     || total
---------------------------++-------
   Fire: Shortbow          ||     9
 Armour: Robe              ||     2
  Dodge: Dodged            ||     1

Table legend:
 A = Non-vault XP
 B = Vault XP
 C = Vault XP percentage of total XP
 D = Non-vault monster count
 E = Vault monster count
 F = Vault count percentage of total count
                 A         B        C        D         E       F
            +---------+---------+-------+---------+---------+-------
      Total |       1 |       0 |   0.0 |       1 |       0 |   0.0
            +---------+---------+-------+---------+---------+-------
        D:1 |       1 |       0 |   0.0 |       1 |       0 |   0.0
            +---------+---------+-------+---------+---------+-------
